 Dungeon Crawl Stone Soup version 0.29-a0-613-gf2c431b9b9 (webtiles) character file.

Game seed: 12034411472600890503

116 zeratav the Stinger (level 5, -2/31 HPs)
             Began as an Octopode Venom Mage on June 17, 2022.
             Slain by a kobold brigand
             ... wielding a +0 whip
              (4 damage)
             ... in a sewer.
             The game lasted 00:05:19 (3286 turns).

zeratav the Stinger (Octopode Venom Mage)           Turns: 3286, Time: 00:05:20

Health: -2/31      AC:  3    Str:  8    XL:     5   Next: 1%
Magic:  0/9        EV: 13    Int: 19    God:
Gold:   48         SH:  0    Dex: 12    Spells: 8/9 levels left

rFire   . . .      SeeInvis .   g - +0 dagger {short}
rCold   . . .      Faith    .   (no shield)
rNeg    . . .      Spirit   .   p - +2 hat
rPois   .          Reflect  .   (no amulet)
rElec   .          Harm     .   (no ring)
rCorr   .          Rampage  .   (no ring)
Will    .....                   (no ring)
Stlth   +++.......              (no ring)
HPRegen 0.10/turn               (no ring)
MPRegen 0.11/turn               (no ring)
                                (no ring)
                                (no ring)

@: no status effects
A: almost no armour, amphibious, 8 rings, camouflage 1, gelatinous body 1,
(nimble swimmer 1), tentacles
a: no special abilities


You were in a sewer.
You visited 1 branch of the dungeon, and saw 3 of its levels.
You also visited: Sewer.

You collected 48 gold pieces.


Innate Abilities, Weirdness & Mutations

You cannot wear most types of armour.
You are amphibious.
You can wear up to eight rings at the same time.
Your skin changes colour to match your surroundings (Stealth+).
Your rubbery body absorbs attacks. (AC +1, EV +1)
((You are camouflaged when in or above water. (Stealth+)))
You have tentacles for arms and can constrict up to eight enemies at once.


   Skills:
 - Level 2.0 Dodging
 + Level 4.1 Stealth
 + Level 2.8 Spellcasting
 - Level 1.0 Transmutations
 * Level 5.4 Poison Magic


You had 8 spell levels left.
You knew the following spells:

 Your Spells              Type           Power      Damage    Failure   Level
a - Sting                 Tmut/Pois      56%        1d5       4%          1

Your spell library contained the following spells:

 Spells                   Type           Power      Damage    Failure   Level
 Poisonous Vapours        Pois/Air       24%        N/A       8%          2
 Olgreb's Toxic Radiance  Pois           23%        N/A       17%         4
 Mephitic Cloud           Conj/Pois/Air  9%         N/A       22%         3

Inventory:

Hand Weapons
 g - a +0 dagger (weapon) {short}
   (You took it off a goblin on level 1 of the Dungeon)
Armour
 p - a +2 hat (worn)
   (You found it on level 2 of the Dungeon)
Wands
 o - a wand of flame (15)
   (You found it on level 2 of the Dungeon)
Scrolls
 c - 2 scrolls of teleportation {unknown}
 d - 2 scrolls of poison {unknown}
 f - a scroll of acquirement {unknown}
 j - a scroll of identify {unknown}
 k - a scroll of noise {unknown}
 l - a scroll of amnesia {unknown}
 m - 2 scrolls of blinking {unknown}
Potions
 a - a potion of magic
 b - 2 potions of lignification {unknown}
 e - a potion of might {unknown}
 h - a potion of haste {unknown}
 i - a potion of ambrosia {unknown}
 n - a potion of mutation {unknown}
 q - a potion of curing {unknown}

Dungeon Overview and Level Annotations

Branches:
Dungeon (3/15) Zot: 15198   Sewer (1/1) Zot: 5516

Altars:

##### #### ##..≈##
#...#####≈..≈.#####
#.)K@.....≈.≈≈≈≈≈≈≈
#.?.#####≈....####
##.# ##...## ##
##≈## #≈# #≈# #####
##≈## ##.≈.##
##...##
#.....####..≈..#####


You could see a kobold brigand (extremely poisoned).


Message History

Press: ? - help, Shift-Dir - straight line, f - kobold brigand, p - kobold
Aim: a kobold brigand, wielding a +0 whip (64% to hit)
The sting hits the kobold brigand.
The kobold brigand is poisoned.
MP[-1]
You lost 1 mp, and now have 7/9 mp.
Casting: Sting (safe; 4% risk of failure)
Confirm with . or Enter, or press ? or * to list all spells.
Aiming: Sting (safe; 4% risk of failure)
Press: ? - help, Shift-Dir - straight line, f/p - kobold brigand
Aim: a kobold brigand, wielding a +0 whip (lightly wounded, poisoned, 64% to hit)
The sting hits the kobold brigand but does no damage.
The kobold brigand looks even sicker.
You kill the kobold!
You hear a splash. x2
The kobold brigand unwields a +0 whip.
The kobold brigand wields a +0 hand crossbow.
The kobold brigand shoots a bolt.
The bolt hits you.
HP[-3] MP[-1]
You take 3 damage, and now have 28/31 hp.
You lost 1 mp, and now have 6/9 mp.
Casting: Sting (safe; 4% risk of failure)
Confirm with . or Enter, or press ? or * to list all spells.
Aiming: Sting (safe; 4% risk of failure)
Press: ? - help, Shift-Dir - straight line, f/p - kobold brigand
Aim: a kobold brigand, wielding a +0 hand crossbow (lightly wounded, very poisoned, 64% to hit)
You miscast Sting.
You are very lightly contaminated with residual magic.
Nothing appears to happen.
MP[-1]
You lost 1 mp, and now have 5/9 mp.
Casting: Sting (safe; 4% risk of failure)
Confirm with . or Enter, or press ? or * to list all spells.
Aiming: Sting (safe; 4% risk of failure)
Press: ? - help, Shift-Dir - straight line, f/p - kobold brigand
Aim: a kobold brigand, wielding a +0 hand crossbow (moderately wounded, very poisoned, 64% to hit)
The sting misses the kobold brigand.
MP[-1]
You lost 1 mp, and now have 4/9 mp.
Casting: Sting (safe; 4% risk of failure)
Confirm with . or Enter, or press ? or * to list all spells.
Aiming: Sting (safe; 4% risk of failure)
Press: ? - help, Shift-Dir - straight line, f/p - kobold brigand
Aim: a kobold brigand, wielding a +0 hand crossbow (moderately wounded, very poisoned, 64% to hit)
The sting misses the kobold brigand.
The kobold brigand shoots a bolt.
The bolt hits you but does no damage.
MP[-1]
You lost 1 mp, and now have 3/9 mp.
The kobold brigand unwields a +0 hand crossbow.
The kobold brigand wields a +0 whip.
The kobold brigand hits you with a +0 whip!
HP[-7]
You take 7 damage, and now have 21/31 hp.
MASSIVE DAMAGE!! (PAUSE)
You closely miss the kobold brigand. Your grab misses the kobold brigand.
The kobold brigand barely misses you.
HP[+1]
Casting: Sting (safe; 4% risk of failure)
Confirm with . or Enter, or press ? or * to list all spells.
Aiming: Sting (safe; 4% risk of failure)
Press: ? - help, Shift-Dir - straight line, f/p - kobold brigand
Aim: a kobold brigand, wielding a +0 whip (moderately wounded, poisoned, 64% to hit)
The sting hits the kobold brigand but does no damage.
The kobold brigand looks even sicker.
The kobold brigand hits you with a +0 whip.
HP[-6]
You take 6 damage, and now have 16/31 hp.
Casting: Sting (safe; 4% risk of failure)
Confirm with . or Enter, or press ? or * to list all spells.
Aiming: Sting (safe; 4% risk of failure)
Press: ? - help, Shift-Dir - straight line, f/p - kobold brigand
Aim: a kobold brigand, wielding a +0 whip (moderately wounded, very poisoned, 64% to hit)
The sting misses the kobold brigand.
The kobold brigand hits you with a +0 whip!
* * * LOW HITPOINT WARNING * * *
Your magical contamination has completely faded away.
HP[-9] MP[-1]
You take 9 damage, and now have 7/31 hp.
MASSIVE DAMAGE!! (PAUSE)
You lost 1 mp, and now have 2/9 mp.
Casting: Sting (safe; 4% risk of failure)
Confirm with . or Enter, or press ? or * to list all spells.
Aiming: Sting (safe; 4% risk of failure)
Press: ? - help, Shift-Dir - straight line, f/p - kobold brigand
Aim: a kobold brigand, wielding a +0 whip (heavily wounded, very poisoned, 64% to hit)
The sting hits the kobold brigand but does no damage.
The kobold brigand looks even sicker.
The kobold brigand hits you with a +0 whip.
* * * LOW HITPOINT WARNING * * *
HP[-5] MP[-1]
You take 5 damage, and now have 2/31 hp.
You lost 1 mp, and now have 1/9 mp.
Casting: Sting (safe; 4% risk of failure)
Confirm with . or Enter, or press ? or * to list all spells.
Aiming: Sting (safe; 4% risk of failure)
Press: ? - help, Shift-Dir - straight line, f/p - kobold brigand
Aim: a kobold brigand, wielding a +0 whip (heavily wounded, very poisoned, 64% to hit)
The sting hits the kobold brigand but does no damage.
The kobold brigand looks as sick as possible!
The kobold brigand hits you with a +0 whip.
You die...

Skill      XL: |  1  2  3  4 |
---------------+-------------+-----
Stealth        | 3 4 |  4.1
Poison Magic   | 4 5 |  5.4
Dodging        | |  2.0
Spellcasting   | |  2.8
Transmutations | |  1.0

Action                   |  1- 3 |  4- 6 || total
-------------------------+-------+-------++-------
Melee: Unarmed           |     2 |       ||     2
       Tentacles         |     3 |     4 ||     7
       Constrict         |     2 |     7 ||     9
       Dagger            |     7 |    27 ||    34
       Punch             |       |     1 ||     1
 Cast: Sting             |    68 |    33 ||   101
 Stab: Sleeping          |       |     7 ||     7
Armor: Skin              |     1 |     4 ||     5
Dodge: Dodged            |    17 |    19 ||    36

Levels and vault maps discovered:
D:1:      mushboom_english_gardens, layout_basic, basic_ecumenical_altar
D:2:      layout_basic
D:3:      layout_basic, gup_sewer_entry_spiral, kennysheep_generic_room_9
Sewer:    sewer_co_15_rooms

Notes
Turn   | Place    | Note
-------+----------+-------------------------------------------
     0 | D:1      | zeratav the Octopode Venom Mage began the quest for the
                  | Orb.
     0 | D:1      | Reached XP level 1. HP: 11/11 MP: 3/3
     0 | D:1      | magus.rc [v1.9.6]
   155 | D:1      | Reached skill level 3 in Stealth
   155 | D:1      | Reached skill level 4 in Poison Magic
   155 | D:1      | Reached XP level 2. HP: 17/17 MP: 3/5
   279 | D:1      | Found a faded altar of an unknown god.
   665 | D:1      | Reached XP level 3. HP: 21/21 MP: 2/6
  1145 | D:2      | HP: 5/21 [poisoned by an adder]
  1148 | D:2      | HP: 2/21 [poisoned by an adder]
  2019 | D:2      | Reached XP level 4. HP: 27/27 MP: 4/7
  2296 | D:2      | Reached skill level 5 in Poison Magic
  2731 | D:3      | Reached skill level 4 in Stealth
  2747 | D:3      | HP: 4/27 [worm (9)]
  2799 | D:3      | Found a glowing drain.
  2803 | Sewer    | Entered a sewer
  3140 | Sewer    | Reached XP level 5. HP: 18/31 MP: 3/9
  3271 | Sewer    | Noticed a kobold brigand
  3284 | Sewer    | HP: 7/31 [kobold brigand/+0 whip (9)]
  3285 | Sewer    | HP: 2/31 [kobold brigand/+0 whip (5)]
  3286 | Sewer    | Slain by a kobold brigand

Vanquished Creatures
  3 adders
  A river rat (D:3)
  3 worms
  5 dart slugs
  An orc (D:3)
  5 bats
  8 endoplasms
  5 giant cockroaches
  3 goblins
  5 hobgoblins
  A quokka (D:3)
  10 ball pythons
  A frilled lizard (D:2)
  3 kobolds
  3 rats (D:2)
57 creatures vanquished.

Table legend:
 A = Non-vault XP
 B = Vault XP
 C = Vault XP percentage of total XP
 D = Non-vault monster count
 E = Vault monster count
 F = Vault count percentage of total count
                 A         B        C        D         E       F
            +---------+---------+-------+---------+---------+-------
      Total |     109 |      58 |  34.7 |      47 |      10 |  17.5
            +---------+---------+-------+---------+---------+-------
        D:1 |      43 |       0 |   0.0 |      22 |       0 |   0.0
        D:2 |      58 |       0 |   0.0 |      21 |       0 |   0.0
        D:3 |       8 |      24 |  75.0 |       4 |       5 |  55.6
      Sewer |       0 |      34 | 100.0 |       0 |       5 | 100.0
            +---------+---------+-------+---------+---------+-------

Illustrated notes

Table legend:
 A = Kills in this place as a percentage of kills in entire the game.
 B = Kills by you in this place as a percentage of kills by you in the entire game.
 C = Kills by friends in this place as a percentage of kills by friends in the entire game.
 D = Other kills in this place as a percentage of other kills in the entire game.
 E = Experience gained in this place as a percentage of experience gained in the entire game.
 F = Experience gained in this place divided by the number of levels of this place that you have seen.
                   A       B       C       D       E      F
               +-------+-------+-------+-------+-------+----------------------
         Total | 100.0 | 100.0 |   N/A |   N/A | 100.0 |  41.8
       Dungeon |  91.2 |  91.2 |   N/A |   N/A |  79.6 |  44.3
         Sewer |   8.8 |   8.8 |   N/A |   N/A |  20.4 |  34.0
               +-------+-------+-------+-------+-------+----------------------

Table legend: (Time is in decaauts)
 A = Elapsed time spent in this place.
 B = Non-inter-level travel time spent in this place.
 C = Inter-level travel time spent in this place.
 D = Time resting spent in this place.
 E = Time spent auto-exploring this place.
 F = Levels seen in this place.
 G = Mean time per level.
                   A        B        C        D        E       F      G
               +--------+--------+--------+--------+--------+-----+--------+
         Total |   3284 |   3210 |     74 |    478 |   2260 |   4 |  821.0 |
       Dungeon |   2802 |   2728 |     74 |     71 |   2260 |   3 |  934.0 |
         Sewer |    482 |    482 |      0 |    407 |      0 |   1 |  482.0 |
               +--------+--------+--------+--------+--------+-----+--------+

Top non-repeatable levels by time:
     D:2: 1489 daAuts
     D:1: 946 daAuts
   Sewer: 482 daAuts
     D:3: 365 daAuts
